 Dungeon Crawl Stone Soup version 0.19.5 (webtiles) character file.

695 Inarius the Slasher (level 7, -6/61 HPs)
             Began as a Minotaur Fighter on Apr 19, 2017.
             Was a Follower of Yredelemnul.
             Killed from afar by Pikel (22 damage)
             ... with a wand of lightning
             ... on level 5 of the Dungeon.
             The game lasted 00:13:17 (3934 turns).

Inarius the Slasher (Minotaur Fighter)              Turns: 3934, Time: 00:13:19

Health: -6/61      AC: 14    Str: 22    XL:     7   Next: 37%
Magic:  6/6        EV:  6    Int:  6    God:    Yredelemnul [*.....]
Gold:   118        SH: 10    Dex:  9    Spells: 0 memorised, 6 levels left

rFire  . . .     SeeInvis .     a - +0 long sword
rCold  . . .     Gourm    .     q - +0 chain mail
rNeg   . . .     Faith    .     c - +0 shield
rPois  .         Spirit   .     (helmet restricted)
rElec  .         Reflect  .     h - +2 cloak
rCorr  .         Harm     .     (no gloves)
MR     .....                    z - +0 pair of boots
Stlth  ..........               (no amulet)
                                (no ring)
                                (no ring)

@: no status effects
A: retaliatory headbutt, horns 2
a: Animate Remains, Renounce Religion


You were on level 5 of the Dungeon.
You worshipped Yredelemnul.
Yredelemnul was aware of your devotion.
You were not hungry.

You visited 1 branch of the dungeon, and saw 5 of its levels.

You collected 118 gold pieces.

Inventory:

Hand Weapons
 a - a +0 long sword (weapon)
Missiles
 y - 4 javelins (quivered)
Armour
 c - a +0 shield (worn)
 h - a +2 cloak (worn)
 q - a +0 chain mail (worn)
 z - a +0 pair of boots (worn)
Wands
 d - a wand of flame (35/48)
Scrolls
 j - a scroll of teleportation {unknown}
 l - a scroll of fear {unknown}
 m - 5 scrolls of identify {unknown}
 n - a scroll of blinking {unknown}
 o - 2 scrolls of remove curse {unknown}
 r - a scroll of noise {unknown}
 s - a scroll of random uselessness {unknown}
 t - a scroll of enchant armour {unknown}
 w - a scroll of enchant weapon {unknown}
 A - a scroll of immolation {unknown}
Potions
 e - a potion of haste {unknown}
 i - a potion of mutation {unknown}
 k - 2 potions of lignification {unknown}
 p - 2 potions of cure mutation {unknown}
 u - a potion of flight {unknown}
 v - a potion of magic {unknown}
Comestibles
 b - 3 beef jerkies
 f - 4 bread rations
 x - a meat ration


   Skills:
 + Level 5.1 Fighting
 + Level 6.3 Long Blades
 + Level 5.6 Armour
 + Level 1.5 Dodging
 + Level 0.8 Stealth
 + Level 5.8 Shields


You had 6 spell levels left.
You didn't know any spells.

Dungeon Overview and Level Annotations

Branches:
Dungeon (5/15)
 Temple: D:4-7

Altars:
Cheibriados
Fedhas
Sif Muna
Yredelemnul

Annotations:
D:5 Pikel


Innate Abilities, Weirdness & Mutations

You reflexively headbutt those who attack you in melee.
You have a pair of horns on your head.


Message History

The slave moves out of view.
Pikel zaps a wand.
The bolt of lightning hits you!
It is a wand of lightning.
You see here a javelin.
Pikel hits you but does no damage. You block the slave's attack.
Pikel hits you but does no damage. You block the slave's attack.
There is an open door here.
Your shield and chain mail prevent you from hitting Pikel.
The slave barely misses you.
Pikel says, "You'll feel the lick of my whip!"
Pikel zaps a wand.
The bolt of lightning hits you! x2
* * * LOW HITPOINT WARNING * * *
You block the slave's attack.
You hit Pikel. You headbutt Pikel, but do no damage.
Pikel is lightly wounded.
The slave hits you.
* * * LOW HITPOINT WARNING * * *
Pikel zaps a wand.
The bolt of lightning hits you!
You die...
Your body rises from the dead as a mindless zombie. ####### #.....# #..(..# +.....# #.p...# . #Kppp.#

####
..####@###....#..#
..........#....#..#
..........# ...#..#
######...## ...#..#
##...#######..#
#....#........#
#....'........#
###..##'#######
#..#.........


You could see Pikel and 4 slaves.

Vanquished Creatures
  Duvessa (D:4)
  An ogre (D:4)
  Dowan (D:4)
  A crimson imp (D:3)
  2 orc priests (D:3)
  A hound (D:4)
  An orc wizard (D:4)
  Ijyb (D:2)
  Terence (D:2)
  3 worker ants (D:4)
  A gnoll (D:1)
  5 adders
  3 worms
  3 dart slugs
  4 leopard geckos
  9 orcs
  2 ball pythons
  5 bats
  11 giant cockroaches
  10 goblins
  11 hobgoblins
  3 jackals (D:1)
  2 quokkas
  7 frilled lizards
  8 kobolds
  12 rats
109 creatures vanquished.

Notes
Turn   | Place    | Note
-------+----------+-------------------------------------------
     0 | D:1      | Inarius the Minotaur Fighter began the quest for the Orb.
     0 | D:1      | Reached XP level 1. HP: 19/19 MP: 0/0
    97 | D:1      | Reached XP level 2. HP: 25/27 MP: 1/1
   394 | D:1      | Reached XP level 3. HP: 33/33 MP: 2/2
  1013 | D:2      | Reached skill level 3 in Long Blades
  1080 | D:2      | Reached XP level 4. HP: 38/40 MP: 3/3
  1097 | D:2      | Noticed Terence
  1107 | D:2      | Killed Terence
  1115 | D:2      | Found a blossoming altar of Fedhas.
  1356 | D:2      | Noticed Ijyb
  1371 | D:2      | Killed Ijyb
  1371 | D:2      | Reached skill level 4 in Long Blades
  1389 | D:2      | Reached XP level 5. HP: 46/46 MP: 4/4
  1535 | D:3      | Found a deep blue altar of Sif Muna.
  1938 | D:3      | Reached skill level 5 in Shields
  2139 | D:3      | Found a basalt altar of Yredelemnul.
  2145 | D:3      | Became a worshipper of Yredelemnul the Dark
  2399 | D:3      | Found a snail-covered altar of Cheibriados.
  2506 | D:3      | Reached skill level 5 in Armour
  2506 | D:3      | Reached XP level 6. HP: 52/53 MP: 5/5
  2736 | D:4      | Noticed Dowan
  2739 | D:4      | Noticed Duvessa
  2746 | D:4      | Killed Duvessa
  2746 | D:4      | Reached skill level 5 in Long Blades
  2751 | D:4      | Killed Dowan
  2751 | D:4      | Reached skill level 1 in Dodging
  2912 | D:4      | Reached skill level 5 in Fighting
  3048 | D:4      | Reached XP level 7. HP: 61/61 MP: 6/6
  3340 | D:4      | Reached skill level 6 in Long Blades
  3584 | D:4      | Reached * piety under Yredelemnul
  3890 | D:5      | Entered Level 5 of the Dungeon
  3923 | D:5      | Noticed Pikel
  3934 | D:5      | Killed from afar by Pikel

Skill      XL: |  1  2  3  4  5  6  7 |
---------------+----------------------+-----
Armour         | 4 5 |  5.6
Shields        | 4 5 |  5.8
Fighting       | 4 5 |  5.1
Long Blades    | 3 4 5 6 |  6.3
Dodging        | 1 |  1.5
Stealth        | |  0.8

Action                   |  1- 3 |  4- 6 |  7- 9 || total
-------------------------+-------+-------+-------++-------
Melee: Long sword        |   126 |   163 |    34 ||   323
       Headbutt          |    16 |    27 |     5 ||    48
Throw: Javelin           |       |       |    14 ||    14
  Use: Potion            |       |     1 |       ||     1
  Eat: Chunk             |     1 |     6 |     3 ||    10
Armor: Scale mail        |     1 |       |       ||     1
       Ring mail         |    37 |       |       ||    37
       Chain mail        |    14 |    81 |    16 ||   111
       Skin              |     3 |       |       ||     3
Dodge: Dodged            |    49 |    31 |     8 ||    88
Block: Shield            |    68 |    75 |    16 ||   159
       Rpst.: Long sword |     9 |    11 |     3 ||    23
